ITL
LOUISVILLE BATS @ TRENTON STARS
07/05/2030
 
TOP OF THE 1ST
Louisville Bats batting - Pitching for Trenton Stars : RHP Russ Brown
Pitching: RHP Russ Brown
Batting: SHB Martín Medina 0-0: Called Strike
0-1: Bunt for hit - play at first, batter OUT! 3-4
Batting: SHB Dave Henley 0-0: Called Strike
0-1: Ball
1-1: Foul Ball, location: 2F
1-2: Ball
2-2: Fly out, F5 (Popup, 56S)
Batting: LHB Mike Callahan 0-0: Ball
1-0: Swinging Strike
1-1: Foul Ball, location: 2F
1-2: Ball
2-2: Strikes out looking
Top of the 1st over - 0 runs, 0 hits, 0 errors, 0 left on base; Louisville 0 - Trenton 0
BOTTOM OF THE 1ST
Trenton Stars batting - Pitching for Louisville Bats : RHP Larry Jenkins
Pitching: RHP Larry Jenkins
Batting: RHB Aurelio Cruz 0-0: Ball
1-0: Ball
2-0: Ball
3-0: SINGLE (Groundball, 6MD)
Batting: RHB George Reeves 0-0: Ball
Aurelio Cruz steals 2nd base
1-0: Ground out 5-3 (Groundball, 56)
Batting: LHB Wes Thompson 0-0: Ball
1-0: Called Strike
1-1: Called Strike
1-2: Foul Ball, location: 2F
1-2: Ball
2-2: Fly out, F4 (Popup, 34)
Batting: LHB Pat Zimmerman 0-0: Called Strike
0-1: Ball
1-1: Ball
2-1: Ball
3-1: Base on Balls
Batting: LHB Tom Waller 0-0: Foul Ball, location: 2F
0-1: Called Strike
0-2: Strikes out swinging
Bottom of the 1st over - 0 runs, 1 hit, 0 errors, 2 left on base; Louisville 0 - Trenton 0
TOP OF THE 2ND
Louisville Bats batting - Pitching for Trenton Stars : RHP Russ Brown
Batting: RHB Zhong Shui 0-0: SINGLE (Flyball, 9LS)
Batting: LHB George Smith 0-0: Called Strike
0-1: Foul Ball, location: 2F
0-2: Foul Ball, location: 2F
0-2: Ball
1-2: Ball
2-2: Grounds into double play, 4-6-3 (Groundball, 4)
Batting: LHB Eduardo Gómez 0-0: Called Strike
0-1: SINGLE (Line Drive, 4D)
Batting: RHB Shawn Marshall 0-0: Ball
1-0: Ball
2-0: Swinging Strike
2-1: Ball
3-1: Base on Balls
Eduardo Gómez to second
Batting: RHB Danny Campbell 0-0: Ball
1-0: Called Strike
1-1: Foul Ball, location: 2F
1-2: Fly out, F2 (Popup, 23F)
Top of the 2nd over - 0 runs, 2 hits, 0 errors, 2 left on base; Louisville 0 - Trenton 0
BOTTOM OF THE 2ND
Trenton Stars batting - Pitching for Louisville Bats : RHP Larry Jenkins
Batting: RHB Jorge Flores 0-0: Ball
1-0: DOUBLE (Line Drive, 89D)
Batting: LHB Gerardo Guzmán 0-0: Called Strike
0-1: Ball
1-1: Ball
2-1: SINGLE (Flyball, 8RS)
Jorge Flores to third
Runner from 3rd tries for Home, SAFE, no throw
Batting: RHB Gabriel Villegas 0-0: Ball
1-0: Ball
2-0: Ball
3-0: Base on Balls
Gerardo Guzmán to second
Pitching: RHP Tony Henderson
Batting: SHB Ismael Sánchez 0-0: Ball
1-0: Called Strike
1-1: Ball
2-1: Swinging Strike
2-2: Ball
3-2: Base on Balls
Gerardo Guzmán to third
Gabriel Villegas to second
Batting: RHB Aurelio Cruz 0-0: Fielders Choice at 2nd, 6-4 (Groundball, 6)
Gerardo Guzmán scores
Gabriel Villegas to third
Batting: RHB George Reeves 0-0: Ball
1-0: Ball
2-0: Called Strike
2-1: Fly out, F9 (Flyball, 89M)
Runner from 3rd tags up, SCORES, throw made
Batting: LHB Wes Thompson 0-0: Called Strike
0-1: Foul Ball, location: 2F
0-2: Ball
1-2: Foul Ball, location: 2F
1-2: Ball
2-2: Strikes out swinging
Bottom of the 2nd over - 3 runs, 2 hits, 0 errors, 1 left on base; Louisville 0 - Trenton 3
TOP OF THE 3RD
Louisville Bats batting - Pitching for Trenton Stars : RHP Russ Brown
Batting: LHB Don Soper 0-0: Ball
1-0: Called Strike
1-1: Ball
2-1: Fly out, F7 (Flyball, 7LS)
Batting: SHB Martín Medina 0-0: Swinging Strike
0-1: Called Strike
0-2: Reached on error, E6 (Groundball, 6)
Batting: SHB Dave Henley 0-0: Called Strike
0-1: Ball
1-1: Swinging Strike
1-2: Foul Ball, location: 2F
1-2: Fly out, F8 (Flyball, 8RD)
Batting: LHB Mike Callahan 0-0: Ball
Martín Medina steals 2nd base
1-0: SINGLE (Flyball, 7LS)
Martín Medina to third
Runner from 3rd tries for Home, SAFE, no throw
Batting: RHB Zhong Shui 0-0: Ball
1-0: Ball
2-0: Ball
3-0: Base on Balls
Mike Callahan to second
Batting: LHB George Smith 0-0: Ball
1-0: Ball
2-0: Called Strike
2-1: Fly out, F9 (Flyball, 9D)
Top of the 3rd over - 1 run, 1 hit, 1 error, 2 left on base; Louisville 1 - Trenton 3
BOTTOM OF THE 3RD
Trenton Stars batting - Pitching for Louisville Bats : RHP Tony Henderson
Batting: LHB Pat Zimmerman 0-0: Called Strike
0-1: Ball
1-1: Called Strike
1-2: Ground out 4-3 (Groundball, 4)
Batting: LHB Tom Waller 0-0: Ball
1-0: Called Strike
1-1: Foul Ball, location: 2F
1-2: Strikes out looking
Batting: RHB Jorge Flores 0-0: Called Strike
0-1: Ball
1-1: SINGLE (Groundball, 34D)
Batting: LHB Gerardo Guzmán 0-0: Foul Ball, location: 2F
0-1: Ball
1-1: Ball
2-1: Ball
3-1: Ground out 4-3 (Groundball, 34)
Bottom of the 3rd over - 0 runs, 1 hit, 0 errors, 1 left on base; Louisville 1 - Trenton 3
TOP OF THE 4TH
Louisville Bats batting - Pitching for Trenton Stars : RHP Russ Brown
Batting: LHB Eduardo Gómez 0-0: Foul Ball, location: 2F
0-1: Foul Ball, location: 2F
0-2: Fly out, F9 (Flyball, 9)
Batting: RHB Shawn Marshall 0-0: Called Strike
0-1: Fly out, F6 (Line Drive, 6M)
Batting: RHB Danny Campbell 0-0: Ball
1-0: Ball
2-0: Ball
3-0: Called Strike
3-1: Swinging Strike
3-2: Ground out 6-3 (Groundball, 6)
Top of the 4th over - 0 runs, 0 hits, 0 errors, 0 left on base; Louisville 1 - Trenton 3
BOTTOM OF THE 4TH
Trenton Stars batting - Pitching for Louisville Bats : RHP Tony Henderson
Batting: RHB Gabriel Villegas 0-0: Ball
1-0: Ball
2-0: Ball
3-0: Base on Balls
Batting: SHB Ismael Sánchez 0-0: Swinging Strike
0-1: Ground out 4-3 (Groundball, 34D)
Gabriel Villegas to second
Batting: RHB Aurelio Cruz 0-0: Called Strike
0-1: Ball
1-1: Ground out 6-3 (Groundball, 6)
Batting: RHB George Reeves 0-0: Ball
1-0: Fly out, F7 (Flyball, 7S)
Bottom of the 4th over - 0 runs, 0 hits, 0 errors, 1 left on base; Louisville 1 - Trenton 3
TOP OF THE 5TH
Louisville Bats batting - Pitching for Trenton Stars : RHP Russ Brown
Batting: LHB Don Soper 0-0: Ball
1-0: Ball
2-0: Ball
3-0: Called Strike
3-1: Swinging Strike
3-2: Fly out, F7 (Flyball, 78S)
Batting: SHB Martín Medina 0-0: Fly out, F7 (Flyball, 7S)
Batting: SHB Dave Henley 0-0: Ball
1-0: Foul Ball, location: 2F
1-1: Called Strike
1-2: Ground out 6-3 (Groundball, 6)
Top of the 5th over - 0 runs, 0 hits, 0 errors, 0 left on base; Louisville 1 - Trenton 3
BOTTOM OF THE 5TH
Trenton Stars batting - Pitching for Louisville Bats : RHP Tony Henderson
Batting: LHB Wes Thompson 0-0: Ball
1-0: Ball
2-0: Called Strike
2-1: Ball
3-1: Swinging Strike
3-2: Base on Balls
Batting: LHB Pat Zimmerman 0-0: Fielders Choice at 2nd, 1-6 (Groundball, 13S)
Batting: LHB Tom Waller 0-0: Ball
1-0: SINGLE (Line Drive, 8LS)
Pat Zimmerman to second
Batting: RHB Jorge Flores 0-0: Ball
1-0: Ball
2-0: SINGLE (Line Drive, 78M)
Pat Zimmerman to third
Tom Waller to second
Pitching: RHP Juan Contreras
Batting: LHB Gerardo Guzmán 0-0: Foul Ball, location: 2F
0-1: Foul Ball, location: 2F
0-2: GRAND SLAM HOME RUN (Flyball, 9D), Distance : 369 ft
Batting: RHB Gabriel Villegas 0-0: Called Strike
0-1: SINGLE (Groundball, 5D)
Batting: SHB Ismael Sánchez 0-0: Called Strike
0-1: Called Strike
0-2: Foul Ball, location: 2F
0-2: Strikes out swinging
Batting: RHB Aurelio Cruz 0-0: SINGLE (Line Drive, 7LM)
Gabriel Villegas to second
Batting: RHB George Reeves 0-0: DOUBLE (Line Drive, 7LM)
Gabriel Villegas scores
Aurelio Cruz to third
Runner from 3rd tries for Home, SAFE, no throw
Batting: LHB Wes Thompson 0-0: Foul Ball, location: 2F
0-1: Foul Ball, location: 2F
0-2: Ball
1-2: Foul Ball, location: 2F
1-2: Ball
2-2: Foul Ball, location: 2F
2-2: Ball
3-2: SINGLE (Groundball, 34D)
George Reeves to third
George Reeves scores
Batting: LHB Pat Zimmerman 0-0: Ball
1-0: Called Strike
1-1: Swinging Strike
1-2: Ball
2-2: Ground out 4-3 (Groundball, 34)
Bottom of the 5th over - 7 runs, 7 hits, 0 errors, 1 left on base; Louisville 1 - Trenton 10
TOP OF THE 6TH
Louisville Bats batting - Pitching for Trenton Stars : RHP Russ Brown
Batting: LHB Mike Callahan 0-0: Ball
1-0: Swinging Strike
1-1: Ball
2-1: Foul Ball, location: 2F
2-2: Foul Ball, location: 2F
2-2: Foul Ball, location: 2F
2-2: Foul Ball, location: 2F
2-2: Strikes out looking
Batting: RHB Zhong Shui 0-0: Foul Ball, location: 2F
0-1: Swinging Strike
0-2: Ground out 6-3 (Groundball, 6D)
Batting: LHB George Smith 0-0: Ball
1-0: Ball
2-0: Foul Ball, location: 2F
2-1: Foul Ball, location: 2F
2-2: Fly out, F8 (Flyball, 8RXD)
Top of the 6th over - 0 runs, 0 hits, 0 errors, 0 left on base; Louisville 1 - Trenton 10
BOTTOM OF THE 6TH
Trenton Stars batting - Pitching for Louisville Bats : RHP Juan Contreras
Batting: LHB Tom Waller 0-0: Called Strike
0-1: Fly out, F6 (Line Drive, 6)
Batting: RHB Jorge Flores 0-0: Called Strike
0-1: Foul Ball, location: 2F
0-2: Ball
1-2: Strikes out swinging
Batting: LHB Gerardo Guzmán 0-0: Called Strike
0-1: SINGLE (Flyball, 4MD)
Batting: RHB Gabriel Villegas 0-0: Called Strike
Gerardo Guzmán steals 2nd base
0-1: Ball
1-1: Ball
2-1: DOUBLE (Groundball, 3L)
Gerardo Guzmán scores
Batting: SHB Ismael Sánchez 0-0: Called Strike
0-1: Foul Ball, location: 2F
0-2: Ball
1-2: SINGLE (Groundball, 4MD)
Gabriel Villegas to third
Runner from 3rd tries for Home, SAFE, no throw
Batting: RHB Aurelio Cruz 0-0: Ball
1-0: Called Strike
1-1: Ball
2-1: Foul Ball, location: 2F
2-2: Ball
3-2: Fly out, F8 (Flyball, 8RD)
Bottom of the 6th over - 2 runs, 3 hits, 0 errors, 1 left on base; Louisville 1 - Trenton 12
TOP OF THE 7TH
Louisville Bats batting - Pitching for Trenton Stars : RHP Russ Brown
Batting: LHB Eduardo Gómez 0-0: Called Strike
0-1: Foul Ball, location: 2F
0-2: SOLO HOME RUN (Flyball, 9LD), Distance : 428 ft
Batting: RHB Shawn Marshall 0-0: Ball
1-0: Called Strike
1-1: Ball
2-1: Foul Ball, location: 2F
2-2: Strikes out swinging
Batting: RHB Danny Campbell 0-0: Called Strike
0-1: Ground out 4-3 (Groundball, 4)
Batting: LHB Don Soper 0-0: Ball
1-0: Ball
2-0: Ball
3-0: Called Strike
3-1: DOUBLE (Flyball, 89D)
Batting: SHB Martín Medina 0-0: Foul Ball, location: 2F
0-1: Swinging Strike
0-2: Ball
1-2: Strikes out swinging
Top of the 7th over - 1 run, 2 hits, 0 errors, 1 left on base; Louisville 2 - Trenton 12
BOTTOM OF THE 7TH
Trenton Stars batting - Pitching for Louisville Bats : RHP Juan Contreras
Batting: RHB George Reeves 0-0: Ball
1-0: Swinging Strike
1-1: Ball
2-1: Ball
3-1: Foul Ball, location: 2F
3-2: Strikes out swinging
Batting: LHB Wes Thompson 0-0: Called Strike
0-1: SINGLE (Line Drive, 8LS)
Batting: LHB Pat Zimmerman 0-0: Ball
1-0: Called Strike
1-1: Ball
2-1: Ball
3-1: Base on Balls
Wes Thompson to second
Batting: LHB Tom Waller 0-0: Ball
1-0: Ball
Wild Pitch!
Wes Thompson to third
Pat Zimmerman to second
2-0: Called Strike
2-1: Foul Ball, location: 2F
2-2: Fly out, F6 (Popup, P)
Batting: RHB Jorge Flores 0-0: Ball
1-0: Called Strike
1-1: Called Strike
1-2: Ball
2-2: Fly out, F7 (Flyball, 7S)
Bottom of the 7th over - 0 runs, 1 hit, 0 errors, 2 left on base; Louisville 2 - Trenton 12
TOP OF THE 8TH
Louisville Bats batting - Pitching for Trenton Stars : RHP Russ Brown
Now in RF: Emílio Bruno
Batting: SHB Dave Henley 0-0: Foul Ball, location: 2F
0-1: Called Strike
0-2: SINGLE (Line Drive, 7LS)
Pitching: RHP Darrell Stanley
Batting: LHB Mike Callahan 0-0: Ball
1-0: SINGLE (Groundball, 4D)
Dave Henley to second
Runner from 2nd tries for 3rd, SAFE, no throw
Batting: RHB Zhong Shui 0-0: Foul Ball, location: 2F
0-1: Called Strike
0-2: Foul Ball, location: 2F
0-2: Strikes out swinging
Batting: LHB George Smith 0-0: Called Strike
0-1: Foul Ball, location: 2F
0-2: Foul Ball, location: 2F
0-2: Ball
1-2: Ball
2-2: Foul Ball, location: 2F
2-2: Foul Ball, location: 2F
2-2: Fly out, F6 (Line Drive, 6S)
Batting: LHB Eduardo Gómez 0-0: Fly out, F8 (Flyball, 8RM)
Top of the 8th over - 0 runs, 2 hits, 0 errors, 2 left on base; Louisville 2 - Trenton 12
BOTTOM OF THE 8TH
Trenton Stars batting - Pitching for Louisville Bats : RHP Juan Contreras
Pitching: LHP Carlos Menéndez
Batting: LHB Gerardo Guzmán 0-0: Foul Ball, location: 2F
0-1: Foul Ball, location: 2F
0-2: Strikes out looking
Batting: RHB Gabriel Villegas 0-0: Called Strike
0-1: Swinging Strike
0-2: Strikes out swinging
Batting: SHB Ismael Sánchez 0-0: Called Strike
0-1: Ball
1-1: Swinging Strike
1-2: Ball
2-2: Strikes out swinging
Bottom of the 8th over - 0 runs, 0 hits, 0 errors, 0 left on base; Louisville 2 - Trenton 12
TOP OF THE 9TH
Louisville Bats batting - Pitching for Trenton Stars : RHP Darrell Stanley
Now at 2B: Carlos Pérez
Batting: RHB Shawn Marshall 0-0: Called Strike
0-1: Ball
1-1: Foul Ball, location: 2F
1-2: Strikes out swinging
Batting: RHB Danny Campbell 0-0: Called Strike
0-1: Ball
1-1: Ball
2-1: Ball
3-1: Foul Ball, location: 2F
3-2: Base on Balls
Batting: LHB Don Soper 0-0: Called Strike
0-1: Ball
1-1: Ball
2-1: Foul Ball, location: 2F
2-2: Strikes out swinging
Batting: SHB Martín Medina 0-0: Ball
1-0: Swinging Strike
1-1: Swinging Strike
1-2: Fielders Choice at 2nd, U4 (Groundball, 4M)
Top of the 9th over - 0 runs, 0 hits, 0 errors, 1 left on base; Louisville 2 - Trenton 12
Saturday, April 7th, 2018 - OOTP Baseball 18.8 Build 76